 Dungeon Crawl Stone Soup version 0.18.1-6-gd335043 (webtiles) character file.

456 Inkary the Covert (level 6, -1/30 HPs)
             Began as a Spriggan Assassin on May 18, 2016.
             Was a Believer of Makhleb.
             Killed by divine providence
             ... invoked by an orc priest
              (13 damage)
             ... on level 6 of the Dungeon.
             The game lasted 00:07:46 (3082 turns).

Inkary the Covert (Spriggan Assassin)               Turns: 3082, Time: 00:07:47

Health: -1/30      AC:  3    Str:  7    XL:     6   Next: 77%
Magic:  7/7        EV: 21    Int: 12    God:    Makhleb [**....]
Gold:   205        SH:  0    Dex: 20    Spells: 0 memorised, 5 levels left

rFire  . . .     SeeInvis +     t - +3 rapier
rCold  . . .     Gourm    .     c - +0 robe
rNeg   . . .     Faith    .     (shield restricted)
rPois  +         Spirit   .     (helmet restricted)
rElec  .         Dismiss  .     d - +0 cloak
rCorr  .         Reflect  .     (gloves unavailable)
SustAt .         Harm     .     (boots unavailable)
MR     +....                    (no amulet)
Stlth  +++++.....               (no ring)
                                n - ring of poison resistance

@: very quick, somewhat resistant to hostile enchantments, quite stealthy
A: unfitting armour, see invisible, herbivore 3, speed 3, slow metabolism 2
a: Minor Destruction, Renounce Religion


You were on level 6 of the Dungeon.
You worshipped Makhleb.
Makhleb was pleased with you.
You were not hungry.

You visited 1 branch of the dungeon, and saw 5 of its levels.

You collected 205 gold pieces.

Inventory:

Hand Weapons
 b - a +0 blowgun
 t - a +3 rapier (weapon)
Missiles
 e - 3 poisoned needles (quivered)
Armour
 c - a +0 robe (worn)
 d - a +0 cloak (worn)
Jewellery
 n - a ring of poison resistance (left hand)
 u - a cursed ring of teleportation {unknown}
Wands
 x - a wand of iceblast (9/15)
Scrolls
 i - a scroll of immolation {unknown}
 j - 3 scrolls of random uselessness {unknown}
 l - 2 scrolls of amnesia {unknown}
 m - 3 scrolls of recharging {unknown}
 o - 2 scrolls of remove curse {unknown}
 q - 2 scrolls of teleportation {unknown}
 v - 3 scrolls of magic mapping {unknown}
 w - a scroll of noise {unknown}
Potions
 a - 4 potions of curing
 h - a potion of haste
 k - a potion of cancellation
 p - a potion of heal wounds
 r - 2 potions of might {unknown}
Books
 s - a book of Cantrips

   Spells                             Type                      Level
   a - Corona                         Hexes                        1
   b - Animate Skeleton               Necromancy                   1
   c - Summon Small Mammal            Summoning                    1
   d - Apportation                    Translocation                1
Comestibles
 g - 3 bread rations


   Skills:
 - Level 1.5 Fighting
 + Level 4.2 Short Blades
 - Level 2.0 Throwing
 + Level 5.2 Dodging
 * Level 9.8 Stealth


You had 5 spell levels left.
You didn't know any spells.

Dungeon Overview and Level Annotations

Branches:
Dungeon (4/15)
 Temple: D:4-7

Altars:
Ashenzari
Gozag
Makhleb
Sif Muna
Trog

Shops:
D:2 *


Innate Abilities, Weirdness & Mutations

You are tiny and cannot use many weapons and most armour.
You have supernaturally acute eyesight.
You are a herbivore.
You cover ground extremely quickly.
You need consume almost no food.


Message History

You barely miss the hound skeleton. The hound skeleton barely misses you.
You hit the hound skeleton.
You destroy the hound skeleton!
Makhleb accepts your kill.
Tossing away (i - inventory):
e - 4 poisoned needles (quivered)
Press: ? - help, Shift-Dir - straight line, f - orc
Aim: an orc, wielding a dagger and wearing a thin platinum amulet You toss away a poisoned needle.
The poisoned needle completely misses the orc.
The poisoned needle hits the orc.
The orc closely misses you.
A black bear comes into view.
The black bear growls angrily.
You hit the orc.
The orc is almost dead.
The orc priest calls down the wrath of Beogh upon you.
Beogh smites you! The orc barely misses you.
The orc priest calls down the wrath of Beogh upon you.
Beogh smites you!
You die...

.# .....#.#..# .#
.....#....######
.#
....h............
...
....#....#####..
##. ###.##..######
## #.#.)>.....+
....###.#.(.######
........#o†.#
#.@o..#
#o#........
..(#........
#.####......... ..
.......... ##
###........
#........ .......


You could see a black bear, an orc priest and 2 orcs.

Vanquished Creatures
  A water moccasin (D:6)
  A necrophage (D:6)
  A scorpion (D:6)
  3 worker ants (D:4)
  An orc wizard (D:6)
  2 hound skeletons (D:6)
  2 adders
  3 worms (D:2)
  5 giant geckos
  3 orcs (D:3)
  A giant cockroach (D:3)
  2 goblins
  4 hobgoblins
  4 jackals
  A ball python (D:1)
  6 bats
  9 giant newts
  A jackal skeleton (D:4)
  6 kobolds
  6 rats
62 creatures vanquished.

Notes
Turn   | Place    | Note
--------------------------------------------------------------
     0 | D:1      | Inkary the Spriggan Assassin began the quest for the Orb.
     0 | D:1      | Reached XP level 1. HP: 10/10 MP: 2/2
   132 | D:1      | Reached skill level 6 in Stealth
   398 | D:1      | Reached XP level 2. HP: 14/14 MP: 3/3
   633 | D:2      | Found Gozag's Platinum Reserve.
   639 | D:2      | Found a faded altar to an unknown god.
   687 | D:2      | Found a shattered altar of Ashenzari.
   698 | D:2      | Found an opulent altar of Gozag.
   703 | D:2      | Became a worshipper of Makhleb the Destroyer
   703 | D:2      | Reached * piety under Makhleb
  1247 | D:2      | Reached XP level 3. HP: 16/18 MP: 4/4
  1347 | D:2      | Found a deep blue altar of Sif Muna.
  1347 | D:2      | Found a bloodstained altar of Trog.
  1720 | D:2      | Reached skill level 7 in Stealth
  2040 | D:3      | Reached ** piety under Makhleb
  2087 | D:3      | Reached XP level 4. HP: 22/22 MP: 5/5
  2653 | D:4      | Reached skill level 8 in Stealth
  2827 | D:4      | Reached XP level 5. HP: 23/25 MP: 6/6
  2865 | D:4      | You fall through a shaft for 2 floors!
  2956 | D:6      | Found a burning altar of Makhleb.
  2957 | D:6      | Noticed a necrophage
  2961 | D:6      | Killed a necrophage
  3028 | D:6      | Noticed a water moccasin
  3032 | D:6      | Killed a water moccasin
  3032 | D:6      | Reached skill level 9 in Stealth
  3032 | D:6      | Reached XP level 6. HP: 30/30 MP: 7/7
  3042 | D:6      | Reached skill level 5 in Dodging
  3082 | D:6      | Killed from afar by an orc priest

Skill      XL: |  1  2  3  4  5  6 |
---------------+-------------------+-----
Stealth        | 6 7 8 9 |  9.8
Dodging        | 3 4 5 |  5.2
Short Blades   | 3 4 |  4.2
Fighting       | |  1.5
Throwing       | |  2.0

Action                   |  1- 3 |  4- 6 || total
-------------------------+-------+-------++-------
Melee: Dagger            |    97 |       ||    97
       Rapier            |    23 |    58 ||    81
 Fire: Blowgun           |    22 |     2 ||    24
  Use: Scroll            |     6 |     1 ||     7
 Stab: Sleeping          |    13 |     8 ||    21
       Distracted        |     1 |       ||     1
Armor: Robe              |    15 |     7 ||    22
Dodge: Dodged            |    79 |    46 ||   125
